 Dungeon Crawl Stone Soup version 0.29.1-1-gd02db6906a (webtiles) character file.

Game seed: 926511585136061403

12804 groovy9 the Thaumaturge (level 11, -3/64 HPs)
             Began as a Deep Elf Conjurer on Sept 25, 2022.
             Was a Priest of Vehumet.
             Engulfed by a cloud of freezing vapour (13 damage)
             ... in an ice cave.
             The game lasted 00:53:23 (15024 turns).

groovy9 the Thaumaturge (Deep Elf Conjurer)        Turns: 15024, Time: 00:53:24

Health: -3/64      AC: 10    Str:  4    XL:     11   Next: 67%
Magic:  31/31      EV: 11    Int: 28    God:    Vehumet [***...]
Gold:   869        SH:  5    Dex: 15    Spells: 19/38 levels left

rFire   + + +      SeeInvis .   q - +2 hand axe "Elf's Curse" {flame, *Noise rPois rF+++ Dex+2}
rCold   + . .      Faith    .   (no shield)
rNeg    + . .      Spirit   .   J - +2 leather armour {rC+}
rPois   +          Reflect  +   i - +0 helmet
rElec   .          Harm     .   K - +1 cloak
rCorr   .          Rampage  .   (no gloves)
Will    +....                   l - +1 pair of boots
Stlth   ++........              I - amulet of reflection
HPRegen 0.20/turn               n - ring of wizardry
MPRegen 0.22/turn               y - ring of Vikeh {rPois rN+ Slay+4}

@: about to teleport
A: no striking features
a: Renounce Religion


You were in an ice cave.
You worshipped Vehumet.
Vehumet was most pleased with you.
You visited 1 branch of the dungeon, and saw 11 of its levels.
You also visited: Ice Cave.

You collected 1523 gold pieces.
You spent 654 gold pieces at shops.

Inventory:

Hand Weapons
 j - a +0 dagger of venom
 q - the +2 hand axe "Elf's Curse" (weapon) {flame, *Noise rPois rF+++ Dex+2}
   (You found it on level 11 of the Dungeon)

   It burns those it strikes, dealing additional fire damage.
   Big, fiery blades are also staple armaments of hydra-hunters.
   Dex:       It affects your dexterity (+2).
   rF:        It renders you almost immune to fire.
   rPois:     It protects you from poison.
   *Noise:    It may make noises in combat.
Missiles
 u - 28 poisoned darts
 H - 2 curare-tipped darts
Armour
 g - a +0 robe of cold resistance
 i - a +0 helmet (worn)
 l - a +1 pair of boots (worn)
 J - a +2 leather armour of cold resistance (worn)
 K - a +1 cloak (worn)
Magical Staves
 c - a staff of poison
Jewellery
 a - a ring of ice
 n - a ring of wizardry (left hand)
 y - the ring of Vikeh (right hand) {rPois rN+ Slay+4}
   (You bought it in a shop on level 6 of the Dungeon)

   [ring of poison resistance]

   Slay:      It affects your accuracy & damage with ranged weapons and melee
   (+4).
   rPois:     It protects you from poison.
   rN:        It protects you from negative energy.
 B - a ring of resist corrosion
 I - an amulet of reflection (around neck)
Wands
 h - a wand of polymorph (13)
 k - a wand of iceblast (2)
 v - a wand of mindburst (12)
 C - a wand of flame (21)
 D - a wand of quicksilver (7)
Scrolls
 b - a scroll of enchant armour
 o - 2 scrolls of fear
 p - 2 scrolls of immolation
 r - a scroll of teleportation
 s - a scroll of vulnerability
 x - 2 scrolls of poison
 z - a scroll of noise
 A - 2 scrolls of fog
 E - a scroll of amnesia
 F - 2 scrolls of identify
 G - 2 scrolls of blinking
Potions
 e - 4 potions of curing
 f - 3 potions of mutation
 m - a potion of haste
 w - 3 potions of lignification
Miscellaneous
 d - a phial of floods


   Skills:
 + Level 5.7 Fighting
 - Level 2.4 Dodging
 - Level 2.4 Stealth
 - Level 14.0 Spellcasting
 - Level 12.3 Conjurations
 - Level 4.0 Translocations
 - Level 9.1 Earth Magic


You had 19 spell levels left.
You knew the following spells:

 Your Spells              Type           Power      Damage    Failure   Level
a - Magic Dart            Conj           100%       1d8       1%          1
b - Searing Ray           Conj           100%       2d8       1%          2
c - Iskenderun's Mystic   Conj/Tloc      60%        2d13      1%          4
d - Iron Shot             Conj/Erth      34%        9d7       1%          6
e - Dazzling Flash        Conj/Hex       100%       N/A       1%          3
f - Stone Arrow           Conj/Erth      100%       3d13      1%          3

Your spell library contained the following spells:

 Spells                   Type           Power      Damage    Failure   Level
 Inner Flame              Hex/Fire       19%        N/A       1%          3
 Beastly Appendage        Tmut           38%        N/A       1%          1
 Freeze                   Ice            76%        1d9       1%          1
 Sandblast                Erth           100%       2d20      1%          1
 Slow                     Hex            76%        N/A       1%          1
 Passwall                 Tmut/Erth      37%        N/A       1%          2
 Gell's Gravitas          Tloc           42%        N/A       1%          3
 Lesser Beckoning         Tloc           42%        N/A       1%          3
 Teleport Other           Tloc           42%        N/A       1%          3
 Fulminant Prism          Conj/Hex       26%        3d14      1%          4
 Lee's Rapid Deconstruct  Erth           31%        3d17*     1%          5
 Ensorcelled Hibernation  Hex/Ice        38%        N/A       2%          2
 Wereblood                Tmut           19%        N/A       2%          2
 Animate Armour           Summ/Erth      90%        N/A       3%          4
 Spider Form              Tmut/Pois      19%        N/A       6%          3
 Anguish                  Hex/Necr       9%         N/A       19%         4
 Corpse Rot               Necr/Pois/Air  19%        N/A       19%         4
 Dispel Undead            Necr           19%        3d11      19%         4
 Blade Hands              Tmut           9%         N/A       45%         5
 Death Channel            Necr           9%         N/A       94%         6


Dungeon Overview and Level Annotations

Branches:
Dungeon (11/15)            Temple (0/1) D:5             Orc (0/2) D:9
  IceCv (1/1)
   Lair: D:8-11

Altars:
Ashenzari
Cheibriados
Dithmenos
Elyvilon
Fedhas
Kikubaaqudgha
Nemelex Xobeh
Ru
Sif Muna
Trog
Vehumet
Wu Jian
Xom
Zin

Shops:
D:6 !(?**   D:8 (   D:9 =


Message History

Casting: Iron Shot (dangerous; 1% risk of failure)
Confirm with . or Enter, or press ? or * to list all spells.
Aiming: Searing Ray (safe; 1% risk of failure)
Press: ? - help, Shift-Dir - straight line, f - white imp
Aim: a white imp (83% to hit)
The searing ray misses the white imp. (Press . to maintain the ray.)
The searing ray hits the white imp!
The white imp is severely wounded.
The white imp gestures at you. The puff of frost hits you. You resist.
The searing ray hits the white imp.
The white imp is almost dead.
The searing ray hits the white imp.
You kill the white imp!
Vehumet accepts your kill.
You feel your power returning.
You finish channelling your searing ray.
b - a scroll of enchant armour You see here a phial of floods.
d - a phial of floods
G - 2 scrolls of blinking (gained 1)
You see here a +1 tower shield of cold resistance.
t - a +1 tower shield of cold resistance You drop a +1 tower shield of cold resistance.
You see here a +2 great mace of freezing.
You are engulfed in freezing vapours.
You resist.
You are engulfed in freezing vapours.
You resist.
You are engulfed in freezing vapours.
You resist.
You are engulfed in freezing vapours.
You resist.
You start resting.
You are engulfed in freezing vapours.
You resist.
Okay, then.
You are engulfed in freezing vapours.
You resist.
* * * LOW HITPOINT WARNING * * *
You feel better.
You are engulfed in freezing vapours.
You resist.
* * * LOW HITPOINT WARNING * * *
As you read the scroll of teleportation, it crumbles to dust.
You feel strangely unstable.
You are engulfed in freezing vapours.
You resist.
You die...

####.....#......# ##...##
###..#.....#....##### ##...#
#.....###..#..###...## #...##
...........#.....☼...## #...##
......##....).##☼..#..# ##...##
.......##......###§☼°.# ##...#
#.......#...§...§#☼#°.# ##..#
##......####§.##§§§○.## ##..##
###....°☼.§§##§@☼§### #..##
###☼.☼#§§○..☼§### ####..####
##..☼..°..§### ###.#....#.#
###☼.#######≈≈≈####..........#
##...## #≈≈≈###............#
##...#########.##...............
##...##)..##.........#..........#
#..###[...........#.###..........
#...##.....##..###### ##........#


There were no monsters in sight!

Vanquished Creatures
  A reaper (IceCv)
  Erica (D:8)
  A deep elf pyromancer (D:10)
  2 ugly things
  A manticore (D:11)
  Maurice (D:8)
  2 ice statues (IceCv)
  2 kobold demonologists (D:10)
  An unseen horror (D:11)
  A komodo dragon (D:11)
  6 ice devils (IceCv)
  A vampire (D:10)
  A shadow (D:11)
  7 yaks
  A wyvern (D:8)
  A steam dragon (D:8)
  Grum (D:9)
  2 death yak simulacra (IceCv)
  A hydra simulacrum (IceCv)
  A water moccasin (D:7)
  3 orc warriors
  2 ice beasts
  4 black bears
  An ogre (D:6)
  4 wolves (D:9)
  2 phantoms
  3 centaurs
  3 kobold brigands
  3 bullfrogs
  3 two-headed ogre simulacra (IceCv)
  A necrophage (D:5)
  4 scorpions
  2 cane toad simulacra (IceCv)
  5 wights
  3 killer bees (D:9)
  3 howler monkeys
  4 hounds
  7 orc priests
  A jelly (D:5)
  A gnoll bouda (D:8)
  5 iguanas
  5 orc wizards
  A troll simulacrum (IceCv)
  2 spriggan simulacra (IceCv)
  2 polar bear simulacra (IceCv)
  2 wolf simulacra (IceCv)
  3 gnolls (D:8)
  9 adders
  3 naga simulacra (IceCv)
  A shadow imp (D:6)
  7 white imps
  4 ufetubi
  A worm (D:4)
  2 dart slugs (D:2)
  36 orcs
  6 ball pythons
  6 bats
  7 endoplasms
  5 giant cockroaches
  9 goblins
  10 hobgoblins
  7 jackals
  5 quokkas
  4 frilled lizards
  14 kobolds
  4 rats
254 creatures vanquished.

Vanquished Creatures (collateral kills)
  A ball python (D:2)
1 creature vanquished.

Vanquished Creatures (others)
  A centaur (D:7)
  An orc wizard (D:7)
  An orc (D:7)
3 creatures vanquished.

Grand Total: 258 creatures vanquished

Notes
Turn   | Place    | Note
-------+----------+-------------------------------------------
     0 | D:1      | groovy9 the Deep Elf Conjurer began the quest for the Orb.
     0 | D:1      | Reached XP level 1. HP: 10/10 MP: 6/6
   257 | D:1      | Reached XP level 2. HP: 15/15 MP: 6/8
   797 | D:1      | Reached skill level 4 in Spellcasting
   981 | D:2      | Identified a scroll of acquirement
   981 | D:2      | Acquired 901 gold pieces
   986 | D:2      | Reached XP level 3. HP: 19/19 MP: 10/10
   987 | D:2      | Reached skill level 5 in Conjurations
  1404 | D:2      | Learned a level 2 spell: Searing Ray
  1610 | D:2      | Reached XP level 4. HP: 24/24 MP: 8/12
  1918 | D:3      | Reached skill level 5 in Spellcasting
  1961 | D:3      | Found a faded altar of an unknown god.
  2383 | D:3      | Reached XP level 5. HP: 28/28 MP: 12/14
  2928 | D:4      | Noticed a phantom
  2957 | D:4      | Reached skill level 6 in Spellcasting
  3022 | D:4      | Killed a phantom
  3023 | D:4      | Reached XP level 6. HP: 19/32 MP: 8/17
  3459 | D:4      | Reached skill level 7 in Spellcasting
  3844 | D:4      | Learned a level 4 spell: Iskenderun's Mystic Blast
  3893 | D:4      | Found a radiant altar of Vehumet.
  3901 | D:4      | Became a worshipper of Vehumet
  4361 | D:5      | Entered Level 5 of the Dungeon
  4365 | D:5      | Reached skill level 1 in Translocations
  4450 | D:5      | Reached XP level 7. HP: 36/36 MP: 13/19
  4682 | D:5      | Found a staircase to the Ecumenical Temple.
  5084 | D:6      | Found Qaussiwe's General Store.
  5091 | D:6      | Bought the ring of Vikeh {rPois rN+ Slay+4} for 528 gold
                  | pieces
  5101 | D:6      | Reached skill level 8 in Spellcasting
  5219 | D:6      | Found Dapnat's Magic Scroll Emporium.
  5236 | D:6      | Bought a scroll of vulnerability for 56 gold pieces
  5236 | D:6      | Bought a scroll of noise for 14 gold pieces
  5236 | D:6      | Bought a scroll of fog for 56 gold pieces
  5315 | D:6      | Reached XP level 8. HP: 41/41 MP: 9/22
  5325 | D:6      | Reached * piety under Vehumet
  5325 | D:6      | Offered knowledge of Freeze by Vehumet.
  5490 | D:6      | Found Dojopt's Distillery.
  5502 | D:6      | Found Juystruel's Weapon Shoppe.
  5516 | D:6      | Found a sacrificial altar of Ru.
  5717 | D:6      | Found Lugamez's Assorted Antiques.
  5767 | D:6      | Found a glowing silver altar of Zin.
  5801 | D:6      | Found a shimmering blue altar of Sif Muna.
  5811 | D:6      | Reached skill level 9 in Spellcasting
  5850 | D:6      | Got Sif Muna's Folio of Hypothermia and Curses
  5858 | D:6      | Learned a level 6 spell: Iron Shot
  5862 | D:6      | Learned a level 3 spell: Dazzling Flash
  5866 | D:6      | Found a bloodstained altar of Trog.
  6006 | D:7      | Reached skill level 1 in Earth Magic
  6798 | D:7      | Found a shimmering altar of Xom.
  6822 | D:7      | Reached skill level 10 in Spellcasting
  7208 | D:7      | Reached XP level 9. HP: 45/45 MP: 21/25
  7256 | D:7      | Found a blossoming altar of Fedhas.
  7259 | D:7      | Found a broken altar of Ashenzari.
  7262 | D:7      | Found an ancient bone altar of Kikubaaqudgha.
  7265 | D:7      | Found a sparkling altar of Nemelex Xobeh.
  8081 | D:8      | Found Bijasir's Weapon Boutique.
  8273 | D:8      | Offered knowledge of Static Discharge by Vehumet.
  8274 | D:8      | Reached skill level 11 in Spellcasting
  8274 | D:8      | Reached skill level 10 in Conjurations
  8277 | D:8      | Reached ** piety under Vehumet
  8278 | D:8      | Reached skill level 5 in Earth Magic
  8375 | D:8      | Noticed Maurice
  8390 | D:8      | Killed Maurice
  9156 | D:8      | Noticed Erica
  9166 | D:8      | Killed Erica
  9167 | D:8      | Reached skill level 12 in Spellcasting
  9167 | D:8      | Reached XP level 10. HP: 22/50 MP: 9/28
  9403 | D:8      | Found a snail-covered altar of Cheibriados.
  9750 | D:9      | Found a staircase to the Orcish Mines.
 10298 | D:9      | Found Plog's One-of-a-Kind Rings.
 10425 | D:9      | Noticed Grum
 10439 | D:9      | Killed Grum
 10540 | D:9      | Found a shadowy altar of Dithmenos.
 10590 | D:9      | Found the amulet of Elemental Vulnerability {rPois rF--
                  | rC-- AC+8}
 10824 | D:9      | Noticed a brown ugly thing
 10837 | D:9      | Killed a brown ugly thing
 11424 | D:10     | Entered Level 10 of the Dungeon
 11798 | D:10     | Noticed a sun demon
 11808 | D:10     | Reached skill level 13 in Spellcasting
 11905 | D:10     | Found a white marble altar of Elyvilon.
 11996 | D:10     | Noticed an orange demon
 12357 | D:10     | Noticed a deep elf pyromancer
 12365 | D:10     | Killed a deep elf pyromancer
 12573 | D:10     | Learned a level 3 spell: Stone Arrow
 12770 | D:10     | Found an ornate altar of the Wu Jian Council.
 13007 | D:11     | Noticed a manticore
 13015 | D:11     | Killed a manticore
 13016 | D:11     | Reached XP level 11. HP: 54/54 MP: 12/30
 13256 | D:11     | Identified the +2 hand axe "Elf's Curse" {flame, *Noise
                  | rPois rF+++ Dex+2}
 13380 | D:11     | Found a frozen archway.
 13384 | IceCv    | Entered an ice cave
 13623 | IceCv    | Reached skill level 14 in Spellcasting
 13623 | IceCv    | Offered knowledge of Inner Flame by Vehumet.
 13793 | IceCv    | Reached skill level 1 in Fighting
 14026 | IceCv    | Noticed a white ugly thing
 14030 | IceCv    | Killed a white ugly thing
 14644 | IceCv    | Reached *** piety under Vehumet
 14702 | IceCv    | Noticed a reaper
 14801 | IceCv    | Killed a reaper
 14802 | IceCv    | Reached skill level 5 in Fighting
 15024 | IceCv    | Engulfed by a cloud of freezing vapour

Illustrated notes

Levels and vault maps discovered:
D:1:      dpeg_arrival_castle, layout_loops_ring
D:2:      layout_loops_ring, palyth_stone_intersect,
          nicolae_concentric_dashed_squares_mild, minmay_ruptured
D:3:      layout_rooms, shapermc_ecumenical_altar_flowoftime, minivault_4
D:4:      layout_rooms, mainiacjoe_overflow_surrounded_room,
          minmay_fractal_squares_gapless_5
D:5:      layout_gridville, minmay_temple_entry_enclosed_plants
D:6:      layout_rooms, zin_statuary, nicolae_ru_great_annihilating_truth,
          nzn_overflow_gifts_of_might_and_magic, serial_shops, shop_statue,
          nicolae_stop_n_shop_2, nicolae_shop_window_shopping,
          nicolae_shop_overgrown_old_shop, nicolae_stop_n_shop_1
D:7:      layout_loops_corners, xom_confusion_cloud,
          grunt_temple_overflow_cloverleaf, st_stairs_6, patterned_corridor
D:8:      layout_basic, cheibriados_altar_1, serial_shops,
          nicolae_shop_bloodbath_and_beyond, uniq_maurice, uniq_erica
D:9:      layout_stronghold, lemuel_tele_altar, orc_0_dummy,
          nicolae_shop_unique_rings, kennysheep_generic_room_15, uniq_grum
D:10:     layout_basic, overflow_temple_1_default,
          pdpol_wu_jian_five_deadly_venoms, centaur_isle
D:11:     layout_roguey, erik_lair_dragon, portal_ice_cave_entry_pillars_1,
          fedhas_altar_1
IceCv:    ice_cave_small_demon

Skill      XL: |  1  2  3  4  5  6  7  8  9 10 11 |
---------------+----------------------------------+-----
Spellcasting   | 4 5 6 7 8 10 12 13 14 | 14.0
Conjurations   | 5 6 7 8 9 10 12 | 12.3
Translocations | 1 3 4 |  4.0
Earth Magic    | 3 6 8 9 |  9.1
Fighting       | 5 |  5.7
Dodging        | |  2.4
Stealth        | |  2.4

Action                   |  1- 3 |  4- 6 |  7- 9 | 10-12 || total
-------------------------+-------+-------+-------+-------++-------
 Cast: Magic Dart        |    71 |    76 |    82 |    38 ||   267
       Searing Ray       |     2 |    29 |    68 |    74 ||   173
       Iskenderun's Myst |       |     2 |    28 |    56 ||    86
       Stone Arrow       |       |       |       |    31 ||    31
       Iron Shot         |       |       |       |     4 ||     4
  Use: Scroll            |    11 |     3 |     2 |     4 ||    20
       Potion            |       |     5 |     2 |    10 ||    17
Armor: Robe              |     2 |     2 |     6 |     3 ||    13
       Skin              |       |       |     1 |       ||     1
       Leather armour    |       |       |       |    16 ||    16
Dodge: Dodged            |     6 |     8 |    16 |    34 ||    64
Block: Other             |       |       |       |     7 ||     7
       Reflection        |       |       |       |     6 ||     6
